 Dungeon Sprint DCSS version 0.21.1-1-g345015f (webtiles) character file.

400 vertexvortex the Protected (level 6, -5/45 HPs)
             Began as a Gargoyle Fighter on Apr 22, 2018.
             Slain by a tyrant leech (19 damage)
             ... in the Dungeon (Sprint II: "The Violet Keep of Menkaure").
             The game lasted 00:01:27 (199 turns).

vertexvortex the Protected (Gargoyle Fighter)        Turns: 199, Time: 00:01:27

Health: -5/45      AC: 12    Str: 21    XL:     6   Next: 84%
Magic:  6/6        EV:  8    Int:  9    God:
Gold:   243        SH: 11    Dex:  9    Spells: 5/5 levels left

rFire    . . .     SeeInvis .   a - +0 flail
rCold    . . .     Gourm    .   c - +0 shield
rNeg     + . .     Faith    .   b - +0 scale mail
rPois    ∞         Spirit   .   (no helmet)
rElec    +         Reflect  .   (no cloak)
rCorr    .         Harm     .   (no gloves)
MR       .....     NoTele   +   (no boots)
Stlth    ..........             (no amulet)
HPRegen  0.15/turn              (no ring)
MPRegen  0.10/turn              (no ring)

@: no status effects
A: negative energy resistance 1, electricity resistance, unbreathing,
petrification resistance, rot immunity, AC +4
a: no special abilities


You were in the Dungeon.
You were not hungry.

You visited 1 branch You collected 243 gold pieces.

Inventory:

Hand Weapons
 a - a +0 flail (weapon)
Armour
 b - a +0 scale mail (worn)
 c - a +0 shield (worn)
Scrolls
 k - a scroll of blinking
Potions
 d - a potion of might
 e - a potion of curing
 g - a potion of heal wounds
 h - a potion of haste
 i - 2 potions of magic
 j - a potion of berserk rage
Comestibles
 f - a ration


   Skills:
 + Level 8.7 Fighting
 + Level 5.5 Maces & Flails
 + Level 9.2 Armour
 + Level 9.0 Shields


You had 5 spell levels left.
You didn't know any spells.

Dungeon Overview and Level Annotations

Branches:
Dungeon (1/1)

Altars:


Innate Abilities, Weirdness & Mutations

You are resistant to torment.
Your stone body is resilient. (AC +4)
You are immune to poison.
You resist negative energy. (rN+)
You are resistant to electric shocks. (rElec)
You can survive without breathing.
You are immune to petrification.
You are immune to rotting.


Message History

The tyrant leech is lightly wounded.
The tyrant leech closely misses you.
You closely miss the tyrant leech.
The tyrant leech is lightly wounded.
The tyrant leech completely misses you.
You barely miss the tyrant leech.
The tyrant leech is lightly wounded.
The tyrant leech bites you!
You closely miss the tyrant leech.
The tyrant leech is lightly wounded.
You hit the tyrant leech.
The tyrant leech is lightly wounded.
You block the tyrant leech's attack.
You hit the tyrant leech.
The tyrant leech is moderately wounded.
The tyrant leech bites you!
You sock the tyrant leech!
The tyrant leech is heavily wounded.
The tyrant leech bites you!!
You die...

## ## ##. .##
#### .. .. ..#
$#w ###..##
#w###.##..#
##@##...#..#
+.<.')#.+..#
##.##...#....#
#+###.##......≈≈
###≈≈.....≈#
≈≈≈≈†..≈#
≈≈≈≈≈≈≈.≈#
≈≈§≈≈≈≈≈≈#
≈≈≈≈≈§≈≈§§#


You could see 2 tyrant leeches.

Vanquished Creatures
  A merfolk siren (D)
  Menkaure (D)
2 creatures vanquished.

Vanquished Creatures (others)
  A crocodile (D)
1 creature vanquished.

Grand Total: 3 creatures vanquished

Notes
Turn   | Place    | Note
-------+----------+-------------------------------------------
     0 | D        | vertexvortex the Gargoyle Fighter began the quest for the Orb.
     0 | D        | Reached XP level 1. HP: 14/14 MP: 1/1
     1 | D        | Noticed a tyrant leech
     1 | D        | Noticed a tyrant leech
     4 | D        | Noticed a merfolk siren
     8 | D        | Noticed Menkaure
    17 | D        | Killed Menkaure
    17 | D        | Reached skill level 5 in Fighting
    17 | D        | Reached XP level 2. HP: 18/22 MP: 2/2
    17 | D        | Reached XP level 3. HP: 22/27 MP: 3/3
    17 | D        | Reached XP level 4. HP: 26/32 MP: 4/4
    46 | D        | Killed a crocodile
    53 | D        | Killed a merfolk siren
    53 | D        | Reached skill level 5 in Maces & Flails
    53 | D        | Reached XP level 5. HP: 24/40 MP: 5/5
    53 | D        | Reached XP level 6. HP: 27/45 MP: 6/6
   199 | D        | Slain by a tyrant leech

Skill      XL: |  1  2  3  4 |
---------------+-------------+-----
Fighting       | 5 8 |  8.7
Maces & Flails | 3 5 |  5.5
Armour         | 6 9 |  9.2
Shields        | 6 9 |  9.0

Action                   |  1- 3 |  4- 6 || total
-------------------------+-------+-------++-------
Melee: Flail             |     7 |    24 ||    31
Armor: Scale mail        |     1 |       ||     1
Dodge: Dodged            |     4 |     8 ||    12
Block: Shield            |     4 |     3 ||     7
